 Dungeon Crawl Stone Soup version 0.19-a0-27-g415f530 (webtiles) character file.

998 M4edhros the Martial Artist (level 8, 0/57 HPs)
             Began as a Vampire Monk on May 2, 2016.
             Was a Priest of Okawaru.
             Succumbed to a killer bee's poison
             ... on level 6 of the Dungeon.
             The game lasted 00:06:50 (1336 turns).

M4edhros the Martial Artist (Vampire Monk)          Turns: 1336, Time: 00:06:51

Health: 0/57       AC:  7    Str: 14    XL:     8   Next: 0%
Magic:  8/8        EV: 12    Int: 13    God:    Okawaru [***...]
Gold:   155        SH:  0    Dex: 16    Spells: 0 memorised, 7 levels left

rFire  + . .     SeeInvis +     m - +8 quarterstaff of Certain Death {venom, MR+++ Str+2 Stlth+}
rCold  x . .     Gourm    .     c - +0 scale mail
rNeg   + . .     Faith    .     (shield currently unavailable)
rPois  .         Spirit   .     (no helmet)
rElec  .         Dismiss  .     n - +0 cloak
rCorr  .         Reflect  .     (no gloves)
SustAt .         Harm     .     (no boots)
MR     +++..                    (no amulet)
Stlth  ++........               d - ring of positive energy
                                b - ring of fire

@: lethally poisoned (0 -> -3), regenerating very quickly, extremely resistant
to hostile enchantments, unstealthy
A: fangs 3, see invisible, unbreathing
a: Heroism, Renounce Religion


You were on level 6 of the Dungeon.
You worshipped Okawaru.
Okawaru was most pleased with you.
You were almost alive.

You visited 2 branches of the dungeon, and saw 8 of its levels.

You collected 155 gold pieces.

Inventory:

Hand Weapons
 f - a +2 mace of draining
 m - the +8 quarterstaff of Certain Death (weapon) {venom, MR+++ Str+2 Stlth+}
   (You found it on level 5 of the Dungeon)

   It poisons the flesh of those it strikes.
   It affects your strength (+2).
   It affects your resistance to hostile enchantments.
   It makes you more stealthy.
Missiles
 i - 3 needles of confusion
Armour
 c - a +0 scale mail (worn)
 n - a +0 cloak (worn)
 p - a +0 scale mail
Rods
 g - a +0 iron rod (13/13)
   (You found it on level 3 of the Dungeon)
Jewellery
 b - a ring of fire (left hand)
 d - a ring of positive energy (right hand)
Scrolls
 h - a scroll of random uselessness
 j - a scroll of fog
 l - 2 scrolls of teleportation
 o - a scroll of amnesia {unknown}
Potions
 e - 4 potions of blood
 k - a potion of flight
Books
 a - a book of Death

   Spells                             Type                      Level
   a - Corpse Rot                     Necromancy                   2
   b - Sublimation of Blood           Necromancy                   2
   c - Agony                          Necromancy                   5
   d - Dispel Undead                  Necromancy                   5
   e - Excruciating Wounds            Charms/Necromancy            5
   f - Bolt of Draining               Conjuration/Necromancy       5


   Skills:
 - Level 2.6 Fighting
 - Level 1.4 Staves
 + Level 6.8 Dodging
 - Level 3.0 Stealth
 - Level 9.0 Unarmed Combat


You had 7 spell levels left.
You didn't know any spells.

Dungeon Overview and Level Annotations

Branches:
Dungeon (7/15)             Temple (1/1) D:6

Altars:
Ashenzari
Cheibriados
Dithmenos
Gozag
Kikubaaqudgha
Makhleb
Okawaru
Pakellas
Qazlal
Sif Muna
Vehumet
Lugonu


Innate Abilities, Weirdness & Mutations

Your natural rate of healing is extremely fast.
You have razor-sharp teeth.
You have supernaturally acute eyesight.
You can survive without breathing.


Message History

Yummy - fresh blood!
* * * LOW HITPOINT WARNING * * *
You feel sick.
Drink which item? (? for menu, Esc to quit)
Yummy - fresh blood!
* * * LOW HITPOINT WARNING * * *
You feel sick.
Okay, then.
You aren't carrying any items that you can evoke without wielding.
Read which item? (? for menu, Esc to quit)
Okay, then.
* * * LOW HITPOINT WARNING * * *
You feel sick.
Things that are here:
a killer bee corpse x3
* * * LOW HITPOINT WARNING * * *
You feel sick.
* * * LOW HITPOINT WARNING * * *
You feel sick.
You die...

##.......##
##.....##
##...## ##'##
#.# #.# ##†##
#.#######...#.#
#......@......#
###.##.##...#.#
#. #..##.# #.
..... .
.....###. .
###### ###


There were no monsters in sight!

Vanquished Creatures
  Prince Ribbit (D:5)
  An ogre (D:4)
  A crocodile (D:7)
  A giant frog (D:3)
  5 killer bees (D:6)
  The ghost of M4edhros the Grave Robber, a weakling OpNe (D:4)
  A jelly (D:7)
  5 orc wizards
  An iguana (D:7)
  A worker ant (D:6)
  6 adders
  2 oozes
  3 worms
  2 giant geckos
  8 orcs
  2 bats
  3 giant cockroaches
  8 goblins
  3 hobgoblins
  3 jackals (D:5)
  4 kobolds
  2 quokkas (D:2)
  2 rats
  3 rat zombies (D:3)
69 creatures vanquished.

Notes
Turn   | Place    | Note
--------------------------------------------------------------
     0 | D:1      | M4edhros the Vampire Monk began the quest for the Orb.
     0 | D:1      | Reached XP level 1. HP: 17/17 MP: 1/1
    81 | D:1      | Reached XP level 2. HP: 23/23 MP: 2/2
   114 | D:1      | Reached skill level 5 in Unarmed Combat
   318 | D:2      | Reached XP level 3. HP: 25/28 MP: 3/3
   402 | D:3      | Noticed a giant frog
   408 | D:3      | Found an iron altar of Okawaru.
   420 | D:3      | Killed a giant frog
   420 | D:3      | Reached skill level 6 in Unarmed Combat
   420 | D:3      | Reached XP level 4. HP: 19/34 MP: 4/4
   439 | D:3      | Became a worshipper of Warmaster Okawaru
   439 | D:3      | Reached * piety under Okawaru
   439 | D:3      | Reached ** piety under Okawaru
   465 | D:3      | Found a deep blue altar of Sif Muna.
   535 | D:3      | Reached skill level 7 in Unarmed Combat
   535 | D:3      | Reached XP level 5. HP: 14/39 MP: 5/5
   574 | D:3      | Found an ancient bone altar of Kikubaaqudgha.
   588 | D:3      | Found an oddly glowing altar of Pakellas.
   663 | D:4      | Noticed an ogre
   663 | D:4      | Noticed M4edhros's ghost (weakling OpNe)
   672 | D:4      | Killed M4edhros's ghost
   679 | D:4      | Killed an ogre
   679 | D:4      | Reached skill level 8 in Unarmed Combat
   688 | D:5      | Entered Level 5 of the Dungeon
   700 | D:5      | Noticed Prince Ribbit
   707 | D:5      | Killed Prince Ribbit
   707 | D:5      | Reached *** piety under Okawaru
   707 | D:5      | Reached XP level 6. HP: 19/46 MP: 6/6
   721 | D:5      | Found a shattered altar of Ashenzari.
   771 | D:5      | Reached skill level 9 in Unarmed Combat
   863 | D:5      | Got an ichor-stained quarterstaff
   864 | D:5      | Identified the +8 quarterstaff of Certain Death {venom, MR+++ Str+2 Stlth+} (You found it on level 5 of the Dungeon)
   993 | D:5      | Reached skill level 1 in Staves
   993 | D:5      | Reached XP level 7. HP: 28/51 MP: 7/7
  1083 | D:6      | Found a staircase to the Ecumenical Temple.
  1089 | Temple   | Entered the Ecumenical Temple
  1258 | D:7      | Received a gift from Okawaru
  1258 | D:7      | Reached skill level 5 in Dodging
  1329 | D:6      | Reached XP level 8. HP: 6/57 MP: 8/8
  1333 | D:6      | HP: 2/57 [poisoned by a killer bee]
  1336 | D:6      | Succumbed to a killer bee's poison

Vault maps used:
D:1:      dpeg_arrival_oval, solitary_fountain
D:2:      minitemple
D:3:      old_standard_altar, lemuel_zombie_altar_kikubaaqudgha,
          old_standard_altar, overflow_temple_1_default, minmay_ruptured
D:4:      nicolae_overflow_crystal_walls, serial_shops, shop,
          nicolae_shop_trees, first_bread, minmay_ogre_servants
D:5:      cheibrodos_ashenzari_chains, uniq_prince_ribbit1
D:6:      good_gods_temple_1, minmay_temple_entry_fiery
D:7:      serial_shops, shop_fountains, nrook_loot_triangle, lightli_orcish_oven
Temple:   corrupted_temple

Skill      XL: |  1  2  3  4  5  6  7 |
---------------+----------------------+-----
Unarmed Combat | 5 6 7 8 9 |  9.0
Staves         | 1 |  1.4
Dodging        | 6 |  6.8
Fighting       | |  2.6
Stealth        | |  3.0

Action                   |  1- 3 |  4- 6 |  7- 9 || total
-------------------------+-------+-------+-------++-------
Melee: Unarmed           |    66 |    70 |       ||   136
       Bite              |     4 |    12 |     1 ||    17
       Punch             |       |     1 |       ||     1
       Quarterstaff      |       |    21 |    52 ||    73
Invok: Heroism           |       |       |     1 ||     1
Evoke: Rod               |       |     2 |       ||     2
  Use: Potion            |     8 |     7 |     3 ||    18
       Scroll            |       |     5 |     1 ||     6
 Stab: Sleeping          |     1 |     1 |       ||     2
Armor: Robe              |     9 |     1 |       ||    10
       Ring mail         |       |     9 |       ||     9
       Scale mail        |       |       |    20 ||    20
Dodge: Dodged            |    44 |    58 |    43 ||   145
